Map: [EWC] Goldenaura

Players

Serral

  • Race: Zerg Zerg
  • Spawn Location: 12:00

Clem - Winner!

  • Race: Terran Terran
  • Spawn Location: 5:00

Event: Esports World Cup 2024

VOD

Have the link to the VOD?

Description

Time

  • Played on: Aug. 18, 2024, 11:37 a.m.
  • Length: 20:16

All games in this series

Show
View Real Time Build Order
Export as new Build Order

Serral Zerg 

Build Orders: Hatch First, Lurkers 

Get SALT Encoding   

  12  0:00  Drone  
  13  0:12  Overlord  
  13  0:17  Drone  
  14  0:31  Drone x2  
  16  0:48  Hatchery  
  15  0:51  Drone  
  15  0:55  Drone  
  17  0:59  Drone  
  18  1:09  Extractor  
  17  1:15  Spawning Pool  
  17  1:17  Drone  
  17  1:20  Drone  
  18  1:27  Drone  
  19  1:38  Drone  
  20  1:49  Drone  
  21  2:01  Queen  
  21  2:02  Queen, Zergling x4  
  27  2:09  Metabolic Boost  
  27  2:10  Overlord  
  27  2:13  Drone  
  28  2:32  Drone x2  
  28  2:33  Drone x2  
  32  2:37  Queen  
  32  2:42  Overlord  
  32  2:44  Drone  
  35  2:53  Hatchery  
  35  2:55  Drone  
  35  2:56  Drone  
  36  3:05  Drone  
  37  3:06  Overlord  
  37  3:10  Drone x3  
  40  3:15  Drone x3  
  40  3:18  Drone  
  44  3:24  Queen  
  44  3:26  Queen  
  46  3:32  Zergling x4  
  46  3:33  Zergling x2  
  51  3:39  Overlord  
  51  3:41  Overlord  
  51  3:51  Drone  
  51  3:52  Overlord  
  52  3:58  Zergling x4  
  52  3:59  Drone x3  
  57  4:03  Drone  
  57  4:05  Overlord  
  57  4:08  Queen x2  
  62  4:11  Drone  
  62  4:13  Drone x2  
  62  4:16  Drone  
  66  4:18  Drone x2  
  66  4:20  Overlord  
  66  4:22  Drone x2  
  70  4:25  Queen  
  70  4:28  Drone x2  
  74  4:33  Zergling x2  
  74  4:34  Zergling x2  
  74  4:38  Drone x2  
  78  4:41  Overlord  
  78  4:42  Drone x2  
  78  4:44  Spore Crawler  
  79  4:50  Drone x2  
  79  4:51  Lair  
  79  4:52  Overlord  
  81  4:53  Zergling x2  
  81  4:55  Drone x4  
  81  4:57  Spore Crawler  
  81  4:59  Extractor  
  82  5:02  Baneling Nest  
  82  5:03  Queen  
  83  5:07  Spore Crawler  
  83  5:08  Drone x3  
  84  5:16  Hatchery  
  84  5:18  Drone x3  
  84  5:19  Drone  
  87  5:21  Drone  
  87  5:24  Hatchery  
  87  5:25  Drone x3  
  91  5:29  Overlord  
  91  5:32  Extractor  
  91  5:33  Evolution Chamber  
  91  5:34  Evolution Chamber  
  91  5:35  Drone x3, Extractor  
  89  5:36  Extractor  
  89  5:39  Drone x3  
  92  5:47  Drone x4  
  92  5:49  Drone  
  94  5:51  Overseer  
  94  5:57  Zergling x4  
  94  6:00  Hatchery, Zerg Ground Armor Level 1, Zerg Melee Weapons Level 1  
  94  6:02  Zergling x12  
  100  6:12  Zergling x10  
  100  6:17  Zergling x2  
  101  6:21  Overlord, Hatchery  
  101  6:25  Zergling x4  
  102  6:29  Drone  
  102  6:34  Zergling x12  
  102  6:37  Overlord, Centrifugal Hooks  
  107  6:44  Baneling x9, Hydralisk Den  
  107  6:45  Baneling x3  
  107  6:46  Zergling x12  
  112  6:52  Zergling x2  
  113  6:59  Drone x2  
  113  7:01  Baneling x4  
  115  7:02  Overlord  
  115  7:04  Zergling x2  
  115  7:05  Zergling x2  
  117  7:12  Zergling x14  
  117  7:14  Muscular Augments  
  124  7:20  Drone  
  124  7:21  Drone x2  
  129  7:22  Overlord  
  124  7:33  Drone x2  
  124  7:36  Zergling x18  
  130  7:38  Queen  
  130  7:41  Zergling x8  
  134  7:48  Zergling x6  
  124  7:51  Zergling x2  
  124  7:56  Overlord  
  124  7:58  Baneling x6  
  119  8:02  Zerg Ground Armor Level 2, Zerg Melee Weapons Level 2  
  119  8:03  Overlord  
  119  8:04  Hydralisk x4  
  119  8:05  Zergling x2  
  128  8:07  Overlord  
  128  8:10  Overlord  
  128  8:18  Grooved Spines  
  110  8:21  Hydralisk x6  
  110  8:26  Zergling x8  
  113  8:29  Queen x2, Zergling x6  
  116  8:34  Baneling x2  
  116  8:35  Zergling x2  
  116  8:36  Queen x2  
  116  8:40  Zergling x6  
  116  8:41  Zergling x2  
  125  8:45  Baneling x8  
  125  8:48  Zergling x10  
  130  8:50  Extractor  
  130  8:54  Zergling x2  
  130  8:55  Zergling x6  
  128  9:00  Zergling x6  
  131  9:05  Baneling x4  
  131  9:12  Hydralisk x3  
  131  9:13  Hatchery, Zergling x8  
  140  9:18  Baneling x4  
  140  9:20  Zergling x4  
  141  9:24  Zergling x2  
  141  9:25  Zergling x6  
  142  9:32  Overseer  
  142  9:38  Zergling x10  
  143  9:43  Zergling x20  
  149  9:48  Overlord  
  139  9:53  Zergling x10  
  139  9:57  Zergling x4  
  136  10:02  Baneling x9  
  136  10:05  Infestation Pit  
  136  10:06  Drone x3, Extractor  
  137  10:09  Drone x4  
  137  10:10  Drone x4  
  137  10:11  Hydralisk x2  
  137  10:12  Zergling x4  
  151  10:15  Baneling x8  
  151  10:18  Zerg Missile Weapons Level 1  
  151  10:19  Zergling x2  
  145  10:24  Zergling x2  
  145  10:25  Zergling x4  
  145  10:27  Zergling x2  
  148  10:33  Zergling x8, Baneling x4  
  152  10:37  Overseer  
  152  10:38  Hydralisk x2  
  152  10:39  Zergling x8  
  157  10:43  Zergling x6  
  156  10:50  Hive  
  156  10:53  Zergling x20  
  164  10:58  Zergling x2, Hydralisk x2  
  169  11:04  Burrow  
  169  11:07  Drone, Extractor  
  169  11:08  Lurker Den, Drone x4  
  171  11:13  Drone x2  
  171  11:14  Spore Crawler  
  171  11:16  Zergling x8  
  173  11:19  Baneling  
  173  11:20  Overlord x3, Baneling x7  
  173  11:24  Pneumatized Carapace  
  173  11:29  Zergling x6  
  171  11:37  Extractor  
  171  11:38  Drone x3  
  171  11:39  Zergling x16  
  179  11:40  Zergling x2  
  177  11:48  Zergling x2, Baneling x2  
  177  11:49  Zergling x28  
  187  11:59  Zergling x10  
  190  12:03  Viper x2  
  190  12:05  Adrenal Glands  
  191  12:11  Zerg Ground Armor Level 3  
  191  12:13  Baneling x7  
  175  12:17  Hatchery  
  175  12:19  Zergling x14  
  175  12:22  Seismic Spines  
  170  12:29  Zergling x16  
  178  12:33  Baneling x7  
  178  12:37  Zerg Missile Weapons Level 2  
  170  12:45  Zergling x22  
  170  12:47  Baneling x5  
  172  12:56  Zergling x14  
  172  12:58  Lurker x2  
  171  13:03  Zergling x14  
  170  13:14  Hydralisk x2, Lurker x2  
  170  13:15  Zergling x14  
  170  13:19  Adaptive Talons  
  183  13:24  Infestor  
  183  13:25  Overlord  
  183  13:26  Drone x2  
  187  13:27  Baneling x8  
  178  13:34  Zergling x18  
  179  13:49  Zergling x32  
  179  13:54  Spore Crawler  
  194  13:57  Baneling x7  
  194  14:07  Overseer  
  194  14:13  Spore Crawler  
  194  14:16  Infestor x2  
  195  14:22  Drone, Extractor  
  195  14:23  Drone x2  
  199  14:29  Spire  
  198  14:35  Hatchery  
  198  14:37  Zergling x14  
  189  14:49  Zergling x24  
  200  14:57  Overlord  
  191  15:11  Baneling x11  
  191  15:15  Hatchery  
  191  15:17  Zergling x20  
  191  15:20  Overlord  
  200  15:21  Hatchery  
  200  15:25  Baneling x5  
  197  15:31  Neural Parasite  
  197  15:34  Overlord  
  197  15:36  Drone  
  197  15:37  Drone x2, Nydus Network  
  197  15:38  Drone  
  199  15:43  Zerg Flyer Weapons Level 1  
  199  15:45  Infestor  
  199  15:48  Zerg Missile Weapons Level 3, Zerg Melee Weapons Level 3  
  197  15:56  Zergling x14  
  199  15:59  Hydralisk  
  199  16:00  Zergling x2  
  182  16:28  Zergling x30  
  182  16:29  Zergling x14  
  182  16:32  Zergling x8  
  200  16:46  Hatchery, Infestor  
  180  16:49  Viper x3  
  180  16:53  Overlord x2  
  180  16:54  Overseer x2  
  188  16:57  Zergling x24  
  194  17:04  Infestor  
  194  17:07  Zergling x30  
  186  17:11  Zergling x2  
  172  17:19  Overseer  
  172  17:21  Zergling x16  
  175  17:26  Hydralisk x5  
  159  17:30  Baneling x9  
  159  17:31  Hydralisk  
  159  17:32  Hydralisk x4  
  171  17:42  Zergling x12  
  148  17:46  Hydralisk x4  
  146  17:52  Hydralisk x9  
  146  17:54  Overseer x2  
  146  17:55  Baneling x4  
  164  17:59  Infestor  
  164  18:00  Zergling x12  
  164  18:03  Nydus Canal  
  170  18:15  Infestor  
  170  18:17  Hatchery, Zergling x20  
  173  18:24  Hydralisk x2  
  173  18:31  Overseer  
  171  18:38  Zergling x18  
  170  18:53  Zergling x12  
  151  18:56  Hydralisk  
  151  18:58  Hydralisk x2  
  147  19:08  Hydralisk x7  
  158  19:11  Overseer  
  155  19:18  Zergling x16  
  155  19:21  Zergling x4  
  162  19:30  Hydralisk  
  162  19:31  Zergling x6, Hydralisk  
  164  19:32  Zergling x2  
  164  19:33  Infestor  
  164  19:36  Hydralisk x2  
  164  19:37  Zergling x2  
  169  19:42  Zergling x8  
  155  19:47  Zergling x6  
  148  19:58  Baneling x6  
  148  19:59  Baneling x3  
Show
View Real Time Build Order
Export as new Build Order

Clem Terran - Winner!

Build Orders: Reaper Expand, Hellion Banshee 

Get SALT Encoding   

  12  0:00  SCV  
  13  0:12  SCV  
  14  0:17  Supply Depot  
  14  0:24  SCV  
  15  0:38  SCV  
  15  0:39  Barracks  
  16  0:44  Refinery  
  16  0:50  SCV  
  17  1:03  SCV  
  18  1:15  SCV  
  19  1:26  Reaper  
  19  1:27  Orbital Command  
  20  1:39  Command Center  
  20  1:47  Supply Depot  
  20  1:52  SCV  
  21  1:58  Marine  
  22  2:04  SCV  
  23  2:10  Factory  
  23  2:16  SCV  
  23  2:21  Barracks Reactor  
  24  2:28  SCV  
  25  2:40  Command Center  
  25  2:42  SCV  
  26  2:52  Orbital Command  
  26  2:55  SCV  
  27  3:00  Starport  
  27  3:05  Refinery  
  27  3:08  SCV  
  27  3:12  Hellion  
  30  3:17  Hellion  
  30  3:18  SCV  
  33  3:21  SCV  
  34  3:28  Barracks Tech Lab  
  34  3:31  SCV  
  34  3:33  Hellion, SCV  
  38  3:38  Hellion  
  40  3:43  SCV  
  41  3:49  Banshee  
  41  3:50  SCV  
  41  3:52  Orbital Command  
  45  3:55  Cloaking Field  
  45  3:57  SCV  
  45  3:59  Hellion  
  45  4:02  Hellion  
  50  4:06  Barracks Tech Lab  
  50  4:07  SCV  
  51  4:12  SCV  
  51  4:15  Supply Depot  
  52  4:19  SCV x2  
  52  4:23  Barracks  
  54  4:24  SCV  
  55  4:31  SCV x2  
  55  4:32  Banshee  
  55  4:35  Factory Reactor  
  55  4:36  Barracks  
  55  4:38  SCV  
  61  4:41  Marine, Refinery  
  61  4:42  Supply Depot  
  61  4:44  SCV  
  61  4:45  SCV  
  64  4:50  SCV  
  64  4:57  SCV  
  66  5:00  Supply Depot, Refinery  
  66  5:02  SCV  
  66  5:04  Engineering Bay  
  66  5:05  Orbital Command  
  66  5:06  Marine  
  66  5:07  Engineering Bay  
  67  5:09  SCV  
  67  5:13  Supply Depot  
  69  5:14  SCV  
  69  5:15  Stimpack  
  69  5:20  Barracks  
  69  5:22  Barracks  
  69  5:23  Marine, SCV  
  69  5:27  SCV  
  71  5:30  SCV, Starport Reactor  
  71  5:32  Terran Infantry Weapons Level 1, Terran Infantry Armor Level 1  
  71  5:35  Marine x2  
  74  5:38  Supply Depot  
  74  5:42  Siege Tank  
  77  5:43  SCV  
  77  5:44  Marine  
  77  5:46  Marine  
  77  5:47  SCV  
  81  5:51  Marine, SCV  
  81  5:52  Supply Depot  
  81  5:54  Marine  
  81  5:55  SCV  
  85  6:00  Marine, SCV  
  85  6:02  Supply Depot, Marine  
  85  6:03  SCV  
  89  6:07  SCV  
  90  6:12  SCV  
  90  6:14  Marine  
  90  6:16  SCV  
  90  6:19  Siege Tank, SCV  
  90  6:20  Barracks Reactor x2  
  90  6:22  Marine x2  
  90  6:24  Supply Depot  
  96  6:27  SCV  
  96  6:28  Medivac x2  
  96  6:31  Supply Depot  
  98  6:33  Marine x3, SCV  
  98  6:39  SCV, Refinery  
  104  6:41  Supply Depot, Armory  
  104  6:42  Factory  
  104  6:43  SCV  
  104  6:44  Marine  
  104  6:45  Marine, SCV  
  107  6:50  Marine  
  107  6:51  Marine x2, SCV  
  107  6:53  Supply Depot  
  111  6:55  Siege Tank  
  111  6:56  SCV  
  111  6:58  Marine x3  
  111  7:00  SCV  
  119  7:02  Combat Shield  
  119  7:03  Marine, SCV  
  119  7:05  Marine x2  
  123  7:11  Medivac  
  123  7:12  Marine x2  
  123  7:13  Marine  
  128  7:23  Medivac  
  128  7:24  Marine x4  
  128  7:25  Marine, Command Center  
  131  7:31  SCV  
  131  7:32  SCV x2  
  131  7:33  Factory Reactor  
  131  7:35  Siege Tank  
  117  7:41  Terran Infantry Weapons Level 2  
  117  7:43  SCV  
  117  7:44  Marine, SCV x2  
  119  7:47  Marine  
  114  7:53  Marine x2  
  114  7:55  SCV  
  114  7:56  SCV x2  
  114  7:57  Medivac x2  
  118  8:01  Marine  
  119  8:07  Marine x6, SCV  
  119  8:08  SCV x2  
  119  8:11  Marine x2  
  130  8:13  Terran Infantry Armor Level 2  
  130  8:18  Marine  
  130  8:19  SCV  
  113  8:20  SCV x2  
  113  8:24  Marine  
  113  8:25  Marine x5  
  119  8:28  Marine  
  119  8:29  Marine, Medivac  
  119  8:31  SCV  
  119  8:32  SCV  
  112  8:35  SCV  
  112  8:36  Marine  
  112  8:41  Drilling Claws  
  115  8:42  Marine x2  
  115  8:43  Marine x2, SCV  
  115  8:44  Widow Mine x3  
  115  8:46  Medivac  
  125  8:49  Marine  
  125  8:50  Marine  
  125  8:55  Marine x3  
  123  8:56  SCV  
  123  9:00  Marine x3, Medivac  
  123  9:01  Marine  
  123  9:02  SCV  
  132  9:05  Widow Mine x2  
  132  9:09  Marine  
  138  9:10  Marine, Widow Mine  
  138  9:11  SCV x2  
  138  9:15  Marine, Planetary Fortress  
  143  9:19  Marine  
  143  9:20  Marine x2  
  143  9:21  SCV  
  146  9:27  Widow Mine  
  146  9:29  Barracks, Widow Mine  
  146  9:30  Barracks, SCV  
  146  9:32  Barracks, SCV  
  146  9:33  SCV  
  146  9:38  Medivac  
  147  9:39  Marine x2  
  147  9:40  Marine, Widow Mine  
  147  9:41  Marine  
  150  9:47  Marine x2  
  150  9:48  Widow Mine  
  150  9:50  SCV  
  150  9:51  SCV  
  148  9:58  Marine x3, Widow Mine  
  148  9:59  Marine x4  
  144  10:01  SCV x2  
  144  10:02  SCV  
  144  10:03  SCV  
  151  10:09  Widow Mine  
  151  10:13  Marine, Widow Mine  
  156  10:20  Supply Depot, Marine, SCV  
  156  10:21  Terran Infantry Weapons Level 3  
  156  10:22  Terran Vehicle And Ship Armor Level 1  
  156  10:26  Marine, SCV  
  156  10:28  Marine  
  156  10:29  SCV  
  156  10:35  Barracks Tech Lab x3  
  156  10:37  Ghost Academy  
  156  10:39  Marine  
  156  10:40  SCV  
  156  10:41  Widow Mine x2, Marine x2, SCV x2, Command Center  
  156  10:42  SCV  
  159  10:45  Widow Mine  
  159  10:48  Marine x2  
  159  10:49  Marine x2  
  154  10:50  Marine x2  
  154  10:52  Supply Depot x2  
  154  10:53  SCV  
  154  10:55  Medivac x2  
  161  10:59  SCV  
  161  11:01  SCV  
  161  11:02  Sensor Tower  
  161  11:03  Marine, SCV  
  164  11:09  Refinery  
  164  11:10  Refinery  
  164  11:13  Marine x3  
  164  11:14  Marauder, Widow Mine x2  
  164  11:17  Marine x2  
  164  11:18  Marine, Widow Mine  
  178  11:20  Marauder  
  178  11:25  Terran Infantry Armor Level 3  
  180  11:26  Supply Depot x2  
  180  11:27  Supply Depot  
  173  11:32  Marine  
  173  11:33  Marine x3  
  173  11:34  Marauder x2  
  173  11:38  Supply Depot  
  180  11:47  Marauder x2, Widow Mine x2  
  180  11:48  Widow Mine  
  180  11:52  Command Center  
  183  12:01  Ghost x2  
  183  12:03  Concussive Shells  
  183  12:08  Sensor Tower  
  186  12:09  Widow Mine  
  186  12:12  Siege Tank, Refinery x2  
  186  12:15  Marine  
  186  12:17  Marine x2  
  186  12:18  Marine x2  
  186  12:19  Marauder x2  
  186  12:20  Marine  
  186  12:21  Marine x2  
  187  12:25  Widow Mine  
  188  12:30  Marine, Ghost  
  188  12:32  Marine, Planetary Fortress  
  188  12:35  Marine x2  
  188  12:36  Marine, Widow Mine  
  196  12:37  Marine  
  196  12:38  Marine  
  196  12:39  Marine  
  196  12:43  Missile Turret  
  193  12:46  Ghost  
  193  12:47  Ghost  
  193  12:48  Widow Mine  
  189  12:53  Ghost  
  189  12:55  Marine x4  
  189  12:56  Marine x2  
  189  12:57  Marine x2  
  189  13:03  Widow Mine x2  
  189  13:04  Liberator  
  194  13:07  Orbital Command  
  194  13:09  Refinery  
  190  13:13  Refinery  
  190  13:14  Starport  
  190  13:17  Ghost  
  190  13:31  Command Center  
  190  13:33  Medivac  
  180  13:35  Widow Mine, Ghost, Missile Turret  
  180  13:39  Ghost  
  175  13:44  Widow Mine  
  175  13:46  Ghost  
  175  13:47  Marine x2, Medivac  
  173  13:50  Marine x2, Widow Mine  
  173  13:52  Marine x3  
  180  13:56  Widow Mine  
  180  13:59  Missile Turret  
  180  14:01  Ghost  
  180  14:02  Marine  
  185  14:04  Ghost  
  185  14:06  Widow Mine  
  189  14:12  Liberator  
  189  14:14  Starport Reactor  
  192  14:17  Fusion Core  
  192  14:20  Command Center  
  192  14:29  Ghost x2  
  196  14:33  Liberator  
  196  14:38  Ghost x2  
  190  14:45  Widow Mine  
  185  14:50  Marine x3, Widow Mine  
  185  14:51  Marine  
  181  14:53  Widow Mine  
  181  14:54  Marine x3  
  181  14:55  Liberator  
  181  14:57  Ghost, Orbital Command  
  181  14:58  Missile Turret  
  191  15:02  SCV x2  
  191  15:03  SCV  
  191  15:04  SCV  
  191  15:06  Advanced Ballistics, Widow Mine  
  189  15:07  Liberator  
  189  15:10  Liberator  
  189  15:15  Widow Mine  
  189  15:19  Terran Vehicle And Ship Armor Level 2  
  191  15:23  Personal Cloaking  
  191  15:25  Liberator  
  191  15:31  Widow Mine  
  191  15:35  Command Center  
  191  15:38  Liberator  
  191  15:39  Widow Mine  
  191  15:41  Marauder x2  
  200  15:52  Medivac  
  196  16:02  Liberator  
  197  16:09  Medivac  
  199  16:17  Marine x2  
  198  16:21  Ghost  
  198  16:22  Marine x3, Ghost  
  186  16:27  Marine x2  
  186  16:28  Marauder x2, Marine  
  186  16:29  SCV  
  186  16:30  SCV  
  186  16:31  SCV x2  
  194  16:33  Widow Mine  
  194  16:34  Liberator x2  
  194  16:37  Missile Turret  
  188  16:51  Ghost x2  
  188  16:53  Widow Mine  
  191  16:54  Marine x2  
  191  16:55  Marine x2  
  191  16:56  Widow Mine x2  
  199  17:05  Ghost  
  199  17:06  Marine  
  186  17:12  Ghost  
  186  17:14  Widow Mine  
  186  17:15  Liberator x2  
  189  17:17  Liberator  
  189  17:18  Marine x3, Widow Mine x2  
  189  17:19  Marine, Planetary Fortress  
  189  17:20  Marauder  
  191  17:36  Widow Mine  
  193  17:41  Liberator  
  193  17:43  Marine x3, Widow Mine  
  199  17:44  Marauder x2, Marine  
  199  17:49  Widow Mine  
  200  18:10  Sensor Tower  
  200  18:14  Liberator  
  200  18:16  Widow Mine  
  196  18:20  Ghost  
  196  18:22  Widow Mine  
  200  18:39  Hi-Sec Auto Tracking  
  200  18:43  Ghost  
  200  18:48  Ghost  
  194  18:50  Widow Mine  
  194  18:54  Widow Mine  
  194  18:55  Ghost x2  
  173  18:56  Marine  
  173  18:57  Marine x7  
  173  18:59  Liberator x3, Widow Mine  
  173  19:00  Liberator  
  190  19:04  Refinery, Missile Turret  
  190  19:09  Planetary Fortress, Refinery  
  188  19:11  Widow Mine  
  188  19:12  Ghost  
  188  19:14  Marine  
  188  19:15  Marine x3  
  188  19:16  Ghost  
  191  19:23  Ghost x2  
  171  19:25  Marine  
  171  19:26  Marine  
  171  19:28  Marine  
  171  19:29  Marine  
  173  19:32  Marine  
  173  19:33  Marine x2  
  173  19:34  Widow Mine  
  178  19:38  Marine  
  178  19:39  Widow Mine  
  178  19:42  Medivac x3, Widow Mine  
  182  19:45  Medivac  
  182  19:46  Marine  
  182  19:47  Marine  
  182  19:48  Marine  
  182  19:53  Marine  
Tags
 
Add a new tag
Caveats
  • Supply blocks, unpowered buildings, or Contaminate may cause inaccurate times.
  • Supply counts are checked every 10 seconds.